 Dungeon Crawl Stone Soup version 0.30.0-29-ga12c61a403 (webtiles) character file.

Game seed: 2245385848846265394

8197 ChadusMaximus the Summoner (level 11, -6/74 HPs)
             Began as a Barachi Summoner on June 23, 2023.
             Was a Follower of Hepliaklqana.
             Mangled by an elephant (11 damage)
             ... on level 1 of the Lair of Beasts.
             The game lasted 00:16:53 (9083 turns).

ChadusMaximus the Summoner (Barachi Summoner)       Turns: 9083, Time: 00:16:55

Health: -6/74      AC:  6    Str:  9    XL:     11   Next: 27%
Magic:  19/23      EV: 14    Int: 20    God:    Hepliaklqana [*.....]
Gold:   1503       SH:  0    Dex: 13    Spells: 17/27 levels left

rFire   . . .        e - +8 storm bow {elec, penet}
rCold   . . .        (shield currently unavailable)
rNeg    + . .        I - +0 robe {rN+}
rPois   .            B - +0 helmet
rElec   .            g - +1 cloak
rCorr   .            (no gloves)
SInv    .            h - +0 pair of boots
Will    .....        s - amulet of magic regeneration
Stlth   ++           (no ring)
HPRegen 0.32/turn    (no ring)
MPRegen 0.58/turn

%: no passive effects
@: about to teleport, marked, unable to hop, slow
A: reduced essence, amphibious, slowness 1, strong legs 1, +LOS
a: Hop, Renounce Religion, Recall Ancestor, Ancestor Identity


You were on level 1 of the Lair of Beasts.
You worshipped Hepliaklqana.
Hepliaklqana was aware of your devotion.
You visited 3 branches of the dungeon, and saw 12 of its levels.

You collected 1503 gold pieces.

Inventory:

Hand Weapons
 e - the +8 storm bow (weapon) {elec, penet}
   (You acquired it on level 10 of the Dungeon)
 f - a +0 sling
 n - a +0 long sword
 y - a +1 sling of freezing
 G - a +2 scimitar of holy wrath
 M - a +3 falchion
Missiles
 Q - a throwing net
Armour
 g - a +1 cloak (worn)
 h - a +0 pair of boots (worn)
 B - a +0 helmet (worn)
 E - a +0 kite shield
 I - a +0 robe of positive energy (worn)
Jewellery
 s - an amulet of magic regeneration (around neck)
 t - an amulet of reflection
 C - a ring of wizardry
 O - a ring of protection from fire
 P - an amulet of guardian spirit
 R - a +6 ring of intelligence
 U - a ring of ice
Wands
 m - a wand of iceblast (8)
 F - a wand of light (6)
 N - a wand of flame (12)
 V - a wand of digging (2)
Scrolls
 d - 3 scrolls of amnesia
 j - 2 scrolls of brand weapon
 k - 3 scrolls of teleportation
 o - 2 scrolls of fog
 q - a scroll of summoning {unknown}
 w - a scroll of immolation {unknown}
 x - 2 scrolls of blinking {unknown}
 D - a scroll of enchant weapon {unknown}
 J - 2 scrolls of poison {unknown}
 T - 3 scrolls of noise {unknown}
 W - a scroll of fear {unknown}
Potions
 a - 2 potions of ambrosia {unknown}
 b - a potion of magic
 c - 4 potions of degeneration
 l - 2 potions of curing
 p - 2 potions of heal wounds {unknown}
 r - 2 potions of mutation {unknown}
 u - 3 potions of resistance
 v - 3 potions of might {unknown}
 z - 4 potions of lignification
 A - 3 potions of flight {unknown}
 H - a potion of cancellation {unknown}
 K - a potion of brilliance
 L - a potion of attraction {unknown}
 S - a potion of invisibility {unknown}


   Skills:
 + Level 6.4 Fighting
 + Level 6.4 Dodging
 - Level 1.8 Stealth
 - Level 4.8 Shields
 - Level 8.7 Spellcasting
 - Level 14.7 Summonings


You had 17 spell levels left.
You knew the following spells:

 Your Spells              Type           Power      Damage    Failure   Level
a - Summon Small Mammal   Summ           100%       N/A       1%          1
b - Call Canine Familiar  Summ           61%        N/A       1%          3
c - Call Imp              Summ           100%       N/A       1%          2
d - Summon Lightning Spi  Summ/Air       38%        N/A       3%          4

Your spell library contained the following spells:

 Spells                   Type           Power      Damage    Failure   Level
 Summon Guardian Golem    Hex/Summ       38%        N/A       1%          3
 Necrotise                Necr           32%        1d5       8%          1
 Sandblast                Erth           16%        2d6       8%          1
 Passwall                 Tmut/Erth      6%         N/A       12%         2
 Inner Flame              Hex/Fire       8%         N/A       24%         3
 Stone Arrow              Conj/Erth      16%        3d8       24%         3
 Vampiric Draining        Necr           8%         2d6       24%         3
 Flame Wave               Conj/Fire      8%         2d5       61%         4
 Sticky Flame             Conj/Fire      8%         2d3       61%         4
 Agony                    Necr           8%         N/A       91%         5


Dungeon Overview and Level Annotations

Branches:
Dungeon (10/15)            Temple (1/1) D:5            Lair (1/5) D:10
    Orc (0/2) D:9

Altars:
Ashenzari
Cheibriados
Dithmenos
Elyvilon
Fedhas
Gozag
Hepliaklqana
Kikubaaqudgha
Makhleb
Nemelex Xobeh
Okawaru
Qazlal
Ru
Sif Muna
Vehumet
Wu Jian
Xom
Yredelemnul
Zin
The Shining One

Shops:
D:3 (   D:8 !

Annotations:
D:4 2 transporters


Innate Abilities, Weirdness & Mutations

Your life essence is reduced to manifest your ancestor. (-10% HP)
You are amphibious.
You cover ground slowly.
You can hop short distances.
You have an extended range of vision and can be seen from far away.


Message History

Your cerulean imp hits the elephant but does no damage.
Your lightning spire shoots out a bolt of lightning at the elephant!
The bolt of electricity hits the elephant!
The elephant tramples your lightning spire but does no damage.
The elephant trunk-slaps your lightning spire but does no damage.
Your lightning spire shoots out a bolt of lightning at the elephant!
The bolt of electricity hits the elephant!
Unknown command.
The water moccasin misses your cerulean imp.
The elephant tramples your lightning spire.
The elephant trunk-slaps your lightning spire but does no damage.
The elephant tramples your cerulean imp!
Your cerulean imp holds its ground!
The elephant closely misses your cerulean imp.
Your cerulean imp hits the yak but does no damage.
The water moccasin closely misses your cerulean imp.
Your lightning spire shoots out a bolt of lightning at the elephant!
The bolt of electricity hits the elephant.
The elephant tramples your cerulean imp.
Your cerulean imp is shoved backwards!
Your cerulean imp dies!
Your cerulean imp disappears in a puff of smoke!
The elephant completely misses your lightning spire.
The elephant trunk-slaps your lightning spire but does no damage.
The elephant barely misses you. The elephant trunk-slaps you.
* * * LOW HITPOINT WARNING * * *
Unknown command.
The elephant attacks as you move away! The elephant tramples you!
* * * LOW HITPOINT WARNING * * *
The elephant trunk-slaps you but does no damage.
Something tramples your lightning spire!
Something trunk-slaps your lightning spire but does no damage.
As you read the scroll of teleportation, it crumbles to dust.
You feel strangely unstable.
Your lightning spire shoots out a bolt of lightning at the basilisk!
The bolt of electricity hits the basilisk.
Something tramples your lightning spire.
Something trunk-slaps your lightning spire but does no damage.
The elephant tramples you!
You die...

#..8.....#
#........#
#........##
##...Y.....#
#P........##
##..l.YS..#
#....Y...#
##...YY...##
#..$..@....#
##.............
#.............
#.............
#.............
#.............
#.....$.......
#.............
###.P###P#####


You could see 3 elephants, 2 yaks, a basilisk (ally target), a water moccasin
and a friendly lightning spire (summoned).

Vanquished Creatures
  A yak (Lair:1)
  Sigmund (D:6)
  Blork the orc (D:5)
  Dowan (D:6)
  2 howler monkeys
  A hound (D:5)
  A jelly (D:5)
  2 orc priests
  A sleepcap (D:6)
  Jessica (D:2)
  An iguana (D:4)
  A gnoll (D:7)
  6 adders
  2 shadow imps
  A dart slug (D:2)
  6 orcs
  4 bats
  6 endoplasms
  2 giant cockroaches
  8 goblins
  5 hobgoblins
  3 jackals (D:2)
  3 kobolds
  3 quokkas
  2 ball pythons
  2 frilled lizards (D:2)
  2 rats (D:2)
69 creatures vanquished.

Vanquished Creatures (collateral kills)
  The ghost of ChadusMaximus the Blocker, a novice FoFi (D:7)
  2 elephants (Lair:1)
  A troll (D:9)
  A hornet (D:9)
  Grinder (D:5)
  6 yaks
  A wyvern (D:8)
  3 steam dragons
  A warg (D:9)
  Menkaure (D:6)
  2 acid dragons
  A water moccasin (Lair:1)
  Duvessa (D:6)
  An ice beast (D:6)
  3 sky beasts
  3 orc warriors (D:9)
  An ogre (D:5)
  A centaur (D:8)
  A phantom (D:5)
  3 kobold brigands
  3 gnoll sergeants
  A scorpion (D:5)
  13 wights
  9 killer bees
  6 howler monkeys
  4 crimson imps (D:6)
  A jelly (D:5)
  5 hounds
  A gnoll bouda (D:9)
  4 orc priests
  5 orc wizards
  A sleepcap (D:6)
  An iguana (D:6)
  3 adders
  13 gnolls
  2 ufetubi (D:5)
  A dart slug (D:1)
  20 orcs
  2 ball pythons
  An endoplasm (D:1)
  A goblin (D:3)
  2 jackals
  A quokka (D:3)
  A bat (D:3)
  A frilled lizard (D:3)
  13 kobolds
  A rat (D:1)
151 creatures vanquished.

Vanquished Creatures (others)
  An ancestor (Lair:1)
1 creature vanquished.

Grand Total: 221 creatures vanquished

Notes
Turn   | Place    | Note
-------+----------+-------------------------------------------
     0 | D:1      | ChadusMaximus the Barachi Summoner began the quest for the
                  | Orb.
     0 | D:1      | Reached XP level 1. HP: 13/13 MP: 3/3
   152 | D:1      | Reached skill level 5 in Summonings
   165 | D:1      | Reached XP level 2. HP: 18/19 MP: 3/5
   329 | D:1      | Found a faded altar of an unknown god.
   695 | D:1      | Reached XP level 3. HP: 15/24 MP: 2/7
   981 | D:2      | Noticed Jessica
   986 | D:2      | Killed Jessica
   987 | D:2      | Reached skill level 6 in Summonings
   987 | D:2      | Reached XP level 4. HP: 30/30 MP: 8/8
  1481 | D:2      | Learned a level 3 spell: Call Canine Familiar
  1484 | D:2      | Learned a level 2 spell: Call Imp
  1556 | D:3      | Found a sparkling altar of Nemelex Xobeh.
  1583 | D:3      | Found Ocess's Weapon Shoppe.
  2138 | D:4      | Reached XP level 5. HP: 35/35 MP: 10/10
  2241 | D:4      | Found a transporter.
  2314 | D:4      | Reached skill level 7 in Summonings
  2646 | D:4      | Found a transporter.
  2676 | D:5      | Entered Level 5 of the Dungeon
  2695 | D:5      | Reached XP level 6. HP: 24/41 MP: 10/12
  2980 | D:5      | Learned a level 4 spell: Summon Lightning Spire
  3018 | D:5      | Reached skill level 8 in Summonings
  3101 | D:5      | Found a burning altar of Makhleb.
  3179 | D:5      | Reached XP level 7. HP: 46/46 MP: 11/13
  3227 | D:5      | Noticed Blork the orc
  3230 | D:5      | Noticed Grinder
  3236 | D:5      | Killed Blork the orc
  3237 | D:5      | Reached skill level 9 in Summonings
  3276 | D:5      | Killed Grinder
  3277 | D:5      | Reached skill level 5 in Spellcasting
  3331 | D:5      | Reached skill level 10 in Summonings
  3331 | D:5      | Reached XP level 8. HP: 52/52 MP: 12/16
  3406 | D:5      | Found a shadowy altar of Dithmenos.
  3406 | D:5      | Found a snail-covered altar of Cheibriados.
  4082 | D:5      | Found a staircase to the Ecumenical Temple.
  4481 | D:6      | Found a radiant altar of Vehumet.
  4511 | D:6      | Found a shimmering altar of Xom.
  4876 | D:6      | Reached skill level 11 in Summonings
  4959 | D:6      | Noticed Menkaure
  4972 | D:6      | Killed Menkaure
  5044 | D:6      | Noticed Dowan
  5044 | D:6      | Noticed Duvessa
  5063 | D:6      | Killed Duvessa
  5065 | D:6      | Killed Dowan
  5066 | D:6      | Reached XP level 9. HP: 57/57 MP: 19/19
  5270 | D:6      | Noticed Sigmund
  5279 | D:6      | Killed Sigmund
  5280 | D:6      | Reached skill level 12 in Summonings
  5311 | D:6      | Found an ornate altar of the Wu Jian Council.
  5810 | D:7      | Found a runed translucent door.
  5820 | D:7      | HP: 1/57 [something/ball of steam (22)]
  6081 | D:7      | Identified the staff of fire "Ivopiygo" {rPois rF+ Str+3
                  | Int-5}
  6202 | D:7      | Noticed ChadusMaximus's ghost (novice FoFi)
  6303 | D:7      | Killed ChadusMaximus's ghost
  6304 | D:7      | Reached skill level 13 in Summonings
  6521 | D:8      | Reached skill level 14 in Summonings
  6521 | D:8      | Reached XP level 10. HP: 62/63 MP: 19/22
  6754 | D:8      | Found Rorabliu's Distillery.
  7099 | Temple   | Entered the Ecumenical Temple
  7107 | Temple   | Became a worshipper of Hepliaklqana the Forgotten
  7246 | D:9      | Reached skill level 1 in Fighting
  7248 | D:9      | Reached skill level 1 in Shields
  7577 | D:9      | Found a staircase to the Orcish Mines.
  8248 | D:9      | Reached skill level 5 in Dodging
  8249 | D:9      | Reached skill level 5 in Fighting
  8249 | D:9      | Reached XP level 11. HP: 79/79 MP: 19/23
  8445 | D:10     | Entered Level 10 of the Dungeon
  8533 | D:10     | Found an opulent altar of Gozag.
  8551 | D:10     | Reached * piety under Hepliaklqana
  8703 | D:10     | Found a staircase to the Lair.
  8761 | D:10     | Noticed a manticore
  8775 | D:10     | Noticed a manticore
  8775 | D:10     | Noticed a four-headed hydra
  8775 | D:10     | Noticed a centaur warrior
  8777 | D:10     | Noticed a centaur warrior
  8990 | D:10     | Identified 2 scrolls of acquirement
  8994 | D:10     | Acquired 931 gold pieces
  8998 | D:10     | Acquired the +8 storm bow {elec, penet}
  8998 | D:10     | Found the +8 storm bow {elec, penet}
  9012 | D:10     | Noticed an ogre mage
  9013 | D:10     | Noticed a wizard
  9014 | D:10     | Noticed a manticore
  9014 | D:10     | Noticed an ogre mage
  9014 | D:10     | Noticed a death knight
  9057 | D:10     | Noticed a tengu warrior
  9059 | Lair:1   | Entered Level 1 of the Lair of Beasts
  9083 | Lair:1   | Mangled by an elephant

Illustrated notes

Levels and vault maps discovered:
D:1:      dpeg_arrival_pits, layout_basic, dreamdust_ecumenical_altar_statues
D:2:      layout_rooms, uniq_jessica
D:3:      layout_basic, mainiacjoe_overflow_six_doors_small, serial_shops,
          nicolae_shop_bloodbath_and_beyond
D:4:      gammafunk_wand_slinger, layout_loops_ring
D:5:      layout_loops_ring, mainiacjoe_overflow_alcove_2,
          nicolae_overflow_two_pavilions, minmay_temple_entry_poolview,
          minmay_strange_pillars, kennysheep_generic_room_7, uniq_grinder,
          uniq_blork_the_orc
D:6:      layout_loops_corners, nicolae_wu_jian_immortal_techniques,
          led_xom_imps, nicolae_vehumet_radiance, uniq_duvessa, uniq_menkaure,
          uniq_sigmund
D:7:      layout_rooms, ebering_ghost_reflecting_pool
D:8:      layout_basic, serial_shops, shop, minmay_misc_feat_alley
D:9:      layout_rooms, david_orc_3
D:10:     layout_irregular_city, grunt_gozag_statues, lair_entry_dummy,
          minivault_12, uniq_joseph
Temple:   nicolae_temple_two_arcs
Lair:1:   layout_big_grid, serial_bayou, serial_bayou_shore_b,
          serial_bayou_crossing, serial_bayou_pond_c, serial_bayou_pond_a,
          serial_bayou_pond_b, nicolae_quartered_pool_impasse,
          grunt_megastairs_4

Skill      XL: |  1  2  3  4  5  6  7  8  9 10 11 |
---------------+----------------------------------+-----
Summonings     | 5 6 7 8 10 11 14 | 14.7
Spellcasting   | 3 4 5 6 8 |  8.7
Fighting       | 5 6 |  6.4
Shields        | 4 |  4.8
Dodging        | 5 6 |  6.4
Stealth        | |  1.8

Action                     |  1- 3 |  4- 6 |  7- 9 | 10-12 || total
---------------------------+-------+-------+-------+-------++-------
  Melee: Unarmed           |     8 |       |       |       ||     8
   Fire: Sling             |    62 |   156 |   125 |    50 ||   393
         Longbow           |       |       |       |     8 ||     8
   Cast: Summon Small Mamm |    16 |     8 |    24 |     7 ||    55
         Call Canine Famil |       |     7 |    19 |    15 ||    41
         Call Imp          |       |     5 |    19 |    11 ||    35
         Summon Lightning  |       |       |     8 |    26 ||    34
Ability: Hop               |       |     1 |     1 |     2 ||     4
    Use: Potion            |       |     3 |       |     1 ||     4
         Scroll            |       |       |       |     8 ||     8
   Stab: Distracted        |     1 |       |       |       ||     1
 Armour: Robe              |    20 |    49 |    40 |    24 ||   133
         Skin              |       |       |       |     4 ||     4
  Dodge: Dodged            |    44 |    94 |    59 |    35 ||   232
